 Dungeon Crawl Stone Soup version 0.18-a0-1626-g65af6d3 (webtiles) character file.

39551 namelastname112 the Covert (level 13, -1/116 HPs)
             Began as a Red Draconian Berserker on Mar 24, 2016.
             Was a High Priest of Trog.
             Slain by a wight
             ... wielding a +0 flail
              (5 damage)
             ... on level 14 of the Dungeon.
             The game lasted 00:29:58 (17259 turns).

namelastname112 the Covert (DrBe)                  Turns: 17259, Time: 00:29:59

Health: -1/116     AC: 13    Str: 19 (20) XL:     13   Next: 69%
Magic:  13/13      EV: 16    Int:  8 (9)  God:    Trog [*****.]
Gold:   805        SH:  0    Dex: 12      Spells: 0 memorised, 12 levels left

rFire  + . .     SeeInvis .     w - +1 rapier (elec)
rCold  . . .     Gourm    .     (armour unavailable)
rNeg   . . .     Faith    .     (no shield)
rPois  .         Spirit   .     F - +2 hat
rElec  .         Dismiss  .     J - +0 cloak
rCorr  .         Reflect  .     (no gloves)
SustAt .         Harm     .     j - +0 pair of boots
MR     .....     Clarity  +     (no amulet)
Stlth  +++++.....               H - ring of wizardry
                                O - ring of stealth

@: exhausted, short of breath, slowed, drained, very slow, not resistant to
hostile enchantments, quite stealthy
A: breathe fire, unfitting armour, fangs 1, talons 1, berserk 3, blurry vision
1, clarity, clumsy 1, deterioration 1, fire resistance 1, regeneration 1, shaggy
fur 1, cold-blooded, AC +8
a: Breathe Fire, Berserk, Trog's Hand, Brothers in Arms, Burn Spellbooks,
Renounce Religion


You were on level 14 of the Dungeon.
You worshipped Trog.
Trog was extremely pleased with you.
You were near starving.

You visited 1 branch of the dungeon, and saw 14 of its levels.

You collected 805 gold pieces.

Inventory:

Hand Weapons
 w - a +1 rapier of electrocution (weapon)
Missiles
 h - 5 poisoned tomahawks
 B - 3 throwing nets (quivered)
 K - 5 javelins of returning
Armour
 j - a +0 pair of boots (worn)
 F - a +2 hat (worn)
 J - a +0 cloak (worn)
Jewellery
 H - a ring of wizardry (right hand)
 O - a ring of stealth (left hand)
Wands
 a - a wand of digging (9/24)
 k - a wand of flame (32/48)
 u - a wand of flame (13/48)
 y - a wand of paralysis (11/24)
 D - a wand of iceblast (6/15)
 I - a wand of iceblast (12/15)
 M - a wand of slowing (34/48)
 P - a wand of iceblast (10/15)
Scrolls
 d - 6 scrolls of remove curse
 e - 3 scrolls of magic mapping
 p - 3 scrolls of enchant armour
 x - a scroll of fear
 G - 3 scrolls of recharging
Potions
 c - a potion of might
 g - 3 potions of agility
 l - 4 potions of curing
 m - 4 potions of cancellation
 n - 2 potions of brilliance {unknown}
 q - 2 potions of haste
 r - 7 potions of lignification
 s - 4 potions of degeneration {unknown}
 t - 2 potions of ambrosia {unknown}
 v - a potion of resistance
 z - 2 potions of berserk rage
Books
 o - a book of Unlife

   Spells                             Type                      Level
   a - Recall                         Summoning/Translocation      3
   b - Animate Dead                   Necromancy                   4
   c - Control Undead                 Necromancy                   4
   d - Cigotuvi's Embrace             Necromancy                   5
   e - Death Channel                  Necromancy                   6
   f - Simulacrum                     Ice/Necromancy               6
   Trog disapproves of the use of such an item.
 E - a book of Dreams

   Spells                             Type                      Level
   a - Ensorcelled Hibernation        Hexes/Ice                    2
   b - Silence                        Hexes/Air                    5
   c - Darkness                       Hexes                        6
   d - Shadow Creatures               Summoning                    6
   Trog disapproves of the use of such an item.
Miscellaneous
 C - a sack of spiders
Comestibles
 b - 10 bread rations
 f - a meat ration
 A - 2 beef jerkies
 L - 7 slices of pizza
 N - a royal jelly


   Skills:
 + Level 11.0(9.9) Fighting
 + Level 11.8(10.7) Short Blades
 + Level 8.6(7.6) Throwing
 + Level 9.3(8.3) Dodging
 * Level 13.1(11.9) Stealth


You had 12 spell levels left.
You didn't know any spells.

Dungeon Overview and Level Annotations

Branches:
Dungeon (14/15)            Temple (0/1) D:4            Lair (0/8) D:8
    Orc (0/2) D:12         Vaults (0/5) D:13

Altars:
Ashenzari
Dithmenos
Fedhas
Gozag
Nemelex Xobeh
Pakellas
Qazlal
Vehumet
Xom
Yredelemnul
Zin
The Shining One

Shops:
D:3 *   D:10 (


Innate Abilities, Weirdness & Mutations

You can breathe blasts of fire.
Your fiery red scales are hard (AC +8).
Your body does not fit into most forms of armour.
Your flesh is heat resistant.
You are cold-blooded and may be slowed by cold attacks.
You have very sharp teeth.
You have sharp toenails.
You have an uncontrollable temper.
Scrolls take you a little longer to read.
You possess an exceptional clarity of mind.
You are clumsy. (Dex -2)
Your body sometimes deteriorates upon taking damage.
Your natural rate of healing is unusually fast.
You are covered in fur (AC +1).


Message History

* * * LOW HITPOINT WARNING * * *
You feel as though you will be slow longer.
The wight hits you with a flail. The wight hits you but does no damage.
The wight hits you with a flail.
You turn to flesh and can move again.
Unknown command.
Press: ? - help, Shift-Dir - straight line, f - wight
Aim: a wight, wielding a dire flail of freezing and wearing a leather armour You breathe a blast of fire.
The fiery breath misses the wight.
You are near starving!
The wight is engulfed in roaring flames.
The wight closely misses you. The wight hits you but does no damage.
You hit the wight.
Your tail-slap misses the wight.
The wight is almost destroyed.
The wight is engulfed in roaring flames.
You destroy the wight!
The wight hits you with a flail!
* * * LOW HITPOINT WARNING * * *
You feel drained.
You die...

#### #....†.......# #..#
#...####............###...
.......#..............##..
#....(..............#.###.
#........##........##.#.##
#.(......#######......#...
#............# #......#.##
#.......####.# #......#)##
#........@...#.....##.#.##
#.......#z§..'.....##...##
#.......#.####.....######.
#########.# .....#'# ##..
... .#........#... ...
...... #.#..# ....
......#.#..# .....
..o...#.#... ......#'##..


You could see a wight.

Vanquished Creatures
  Frances (D:14)
  A vault guard (D:13)
  4 hydras
  2 centaur warriors
  An ogre mage (D:13)
  The ghost of simok the Destroyer, a journeyman HEAE of Vehumet (D:11)
  2 tengu warriors
  5 skeletal warriors (D:14)
  2 unseen horrors
  4 hill giants
  A harpy (D:13)
  An ugly thing (D:14)
  3 deep elf magi
  A griffon (D:13)
  2 manticores
  5 cyclopes
  A centaur zombie (D:13)
  A gargoyle (D:9)
  2 komodo dragons
  A kobold demonologist (D:14)
  3 trolls
  3 two-headed ogres
  A hornet zombie (D:14)
  A slime creature (D:13)
  A boulder beetle (D:13)
  Sigmund (D:3)
  A shadow (D:11)
  A centaur simulacrum (D:13)
  A wraith (D:12)
  17 yaks
  4 wyverns
  2 hippogriffs
  2 hogs
  A human (D:9)
  3 hungry ghosts
  6 vampire mosquitoes
  2 steam dragons
  4 basilisks
  A mottled dragon (D:14)
  A soldier ant (D:11)
  4 eyes of draining
  10 orc warriors
  6 ice beasts
  A wasp (D:10)
  A necrophage (D:9)
  4 sky beasts
  7 ogres
  3 phantoms
  4 centaurs
  A crocodile (D:8)
  A boggart (D:13)
  3 big kobolds
  11 giant frogs
  A gnoll sergeant (D:10)
  A wyvern skeleton (D:14)
  3 scorpions
  3 killer bees (D:10)
  13 wights
  2 howler monkeys
  5 crimson imps
  A giant frog zombie (D:10)
  A quasit (D:9)
  7 hounds
  15 orc wizards
  3 jellies
  7 orc priests
  5 centaur skeletons
  Jessica (D:3)
  2 giant frog skeletons
  Terence (D:3)
  6 iguanas
  9 worker ants
  7 sheep
  2 hound zombies (D:5)
  A hound skeleton (D:9)
  Robin (D:4)
  4 gnolls (D:10)
  2 worker ant zombies
  19 adders
  2 river rats (D:8)
  3 shadow imps
  An ooze (D:2)
  An adder zombie (D:5)
  An adder skeleton (D:6)
  4 worms
  2 dart slugs
  6 giant geckos
  53 orcs
  2 ball pythons
  12 bats
  5 giant cockroaches
  5 hobgoblins
  6 jackals
  20 kobolds
  5 quokkas
  A giant gecko skeleton (D:6)
  4 giant newts
  10 goblins
  19 rats
437 creatures vanquished.

Vanquished Creatures (collateral kills)
  Kirke (D:14)
  A soldier ant (D:14)
2 creatures vanquished.

Vanquished Creatures (others)
  5 humans (D:14)
  A hound (D:14)
  A shadow imp (D:10)
  An orc (D:14)
  A fungus (D:8)
9 creatures vanquished.

Grand Total: 448 creatures vanquished

Notes
Turn   | Place    | Note
--------------------------------------------------------------
     0 | D:1      | namelastname112 the Draconian Berserker began the quest for the Orb.
     0 | D:1      | Reached XP level 1. HP: 19/19 MP: 1/1
   145 | D:1      | Reached XP level 2. HP: 24/26 MP: 2/2
   730 | D:2      | Reached skill level 1 in Stealth
   730 | D:2      | Reached XP level 3. HP: 14/31 MP: 3/3
  1381 | D:2      | Found an oddly glowing altar of Pakellas.
  1504 | D:2      | Found a blossoming altar of Fedhas.
  1541 | D:2      | Reached ** piety under Trog
  1672 | D:2      | Reached XP level 4. HP: 37/40 MP: 4/4
  1843 | D:2      | Reached skill level 2 in Stealth
  1856 | D:3      | Found Zin's Purification Station.
  1861 | D:3      | Found a glowing silver altar of Zin.
  1865 | D:3      | Noticed Terence
  1868 | D:3      | Noticed Jessica
  1893 | D:3      | Reached skill level 1 in Throwing
  1903 | D:3      | Killed Terence
  1903 | D:3      | Reached XP level 5. HP: 21/46 MP: 5/5
  1904 | D:3      | Killed Jessica
  2125 | D:3      | Noticed Sigmund
  2138 | D:3      | Killed Sigmund
  2138 | D:3      | Reached skill level 3 in Stealth
  2138 | D:3      | Reached XP level 6. HP: 42/53 MP: 6/6
  2377 | D:3      | Found a stormy altar of Qazlal.
  3193 | D:4      | Found a blossoming altar of Fedhas.
  3197 | D:4      | Found a basalt altar of Yredelemnul.
  3199 | D:4      | Noticed Robin
  3218 | D:4      | Killed Robin
  3467 | D:4      | Found an opulent altar of Gozag.
  3468 | D:4      | Found a sparkling altar of Nemelex Xobeh.
  3522 | D:4      | Found a staircase to the Ecumenical Temple.
  3656 | D:5      | Entered Level 5 of the Dungeon
  3665 | D:5      | Found a shattered altar of Ashenzari.
  3732 | D:5      | Your scales start taking on a fiery red colour.
  3732 | D:5      | Reached XP level 7. HP: 20/60 MP: 7/7
  3732 | D:5      | Gained mutation: Your flesh is heat resistant. [Red Draconian growth]
  4195 | D:5      | Reached skill level 5 in Short Blades
  4195 | D:5      | Reached skill level 4 in Stealth
  4426 | D:5      | Reached *** piety under Trog
  4519 | D:6      | Reached skill level 5 in Fighting
  4677 | D:6      | Reached XP level 8. HP: 34/68 MP: 8/8
  4958 | D:6      | Found a radiant altar of Vehumet.
  5053 | D:6      | Reached skill level 5 in Stealth
  6156 | D:8      | Reached skill level 6 in Stealth
  6195 | D:8      | Reached skill level 5 in Dodging
  6195 | D:8      | Reached XP level 9. HP: 22/75 MP: 9/9
  6202 | D:8      | Reached **** piety under Trog
  6658 | D:8      | Received a gift from Trog
  7128 | D:8      | Found a glowing golden altar of the Shining One.
  7217 | D:8      | Found a staircase to the Lair.
  7372 | D:9      | Reached skill level 7 in Stealth
  7770 | D:9      | Noticed a gargoyle
  7823 | D:9      | Killed a gargoyle
  7823 | D:9      | Reached XP level 10. HP: 41/86 MP: 10/10
  8310 | D:9      | Gained mutation: You expend magic power (3 MP) to strengthen your wands. [mutagenic meat]
  8311 | D:9      | Gained mutation: You tend to lose your temper in combat. [mutagenic meat]
  8312 | D:9      | Lost mutation: You expend magic power (3 MP) to strengthen your wands. [mutagenic meat]
  8313 | D:9      | Gained mutation: You often lose your temper in combat. [mutagenic meat]
  8314 | D:9      | Gained mutation: You are frail (-10% HP). [mutagenic meat]
  8315 | D:9      | Gained mutation: You possess an exceptional clarity of mind. [mutagenic meat]
  8479 | D:9      | Reached skill level 8 in Stealth
  8700 | D:9      | Found a shadowy altar of Dithmenos.
  9029 | D:9      | Found a shimmering altar of Xom.
  9080 | D:10     | Entered Level 10 of the Dungeon
  9099 | D:9      | Lost mutation: You are frail (-10% HP). [potion of mutation]
  9100 | D:9      | Gained mutation: You have sharp toenails. [potion of mutation]
  9100 | D:9      | Gained mutation: Your natural rate of healing is unusually fast. [potion of mutation]
  9100 | D:9      | Gained mutation: You have an uncontrollable temper. [potion of mutation]
  9101 | D:9      | Gained mutation: Potions and wands are less effective at restoring your health. [potion of mutation]
  9101 | D:9      | Gained mutation: Scrolls take you a little longer to read. [potion of mutation]
  9102 | D:9      | Gained mutation: You have very sharp teeth. [potion of mutation]
  9184 | D:10     | Paralysed by a wasp for 2 turns
  9228 | D:10     | Found Ycoduch's Weapon Emporium.
  9269 | D:10     | Reached ***** piety under Trog
  9577 | D:10     | Reached skill level 5 in Throwing
  9646 | D:10     | Gained mutation: Your body sometimes deteriorates upon taking damage. [mutagenic meat]
  9647 | D:10     | Gained mutation: You are clumsy. (Dex -2) [mutagenic meat]
  9649 | D:10     | Lost mutation: Potions and wands are less effective at restoring your health. [mutagenic meat]
  9650 | D:10     | Gained mutation: You are covered in fur (AC +1). [mutagenic meat]
 10679 | D:11     | Noticed a six-headed hydra
 10713 | D:11     | Noticed simok's ghost (journeyman HEAE)
 10732 | D:10     | Killed a six-headed hydra
 10732 | D:10     | Reached skill level 9 in Stealth
 10990 | D:11     | Killed simok's ghost
 10990 | D:11     | Reached XP level 11. HP: 94/94 MP: 9/11
 11182 | D:11     | Received a gift from Trog
 11462 | D:11     | Reached skill level 10 in Short Blades
 11622 | D:11     | Noticed a four-headed hydra
 11630 | D:11     | Killed a four-headed hydra
 11803 | D:12     | Got a warped longbow
 11805 | D:12     | Identified the +6 longbow of the Illusory Runes {velocity, Fragile Int+5 Dex+4} (You found it on level 12 of the Dungeon)
 11901 | D:12     | Noticed a deep elf mage
 11905 | D:12     | Killed a deep elf mage
 11905 | D:12     | Reached skill level 10 in Stealth
 12041 | D:12     | Found a staircase to the Orcish Mines.
 12083 | D:12     | Killed an unseen horror
 13104 | D:13     | Reached XP level 12. HP: 92/104 MP: 12/12
 13277 | D:13     | Noticed a tengu warrior
 13279 | D:13     | Noticed a seven-headed hydra
 13297 | D:13     | Killed a seven-headed hydra
 13313 | D:13     | Noticed a centaur warrior
 13390 | D:13     | Killed a centaur warrior
 13390 | D:13     | Reached skill level 11 in Stealth
 13612 | D:13     | Received a gift from Trog
 13672 | D:13     | Noticed an ogre mage
 13683 | D:13     | Killed an ogre mage
 13908 | D:13     | Killed a tengu warrior
 14195 | D:13     | Noticed a vault guard
 14220 | D:13     | Killed a vault guard
 14220 | D:13     | Reached skill level 10 in Fighting
 14226 | D:13     | Found a gate to the Vaults.
 14721 | D:13     | Reached skill level 12 in Stealth
 15054 | D:14     | Reached XP level 13. HP: 113/113 MP: 13/13
 15128 | D:14     | Noticed Kirke
 15156 | D:14     | HP: 4/114 [something (16)]
 15195 | D:14     | Killed Kirke
 16560 | D:14     | Noticed Frances
 16822 | D:14     | Received a gift from Trog
 16946 | D:14     | Killed Frances
 17119 | D:14     | Reached skill level 13 in Stealth
 17259 | D:14     | HP: 4/116 [wight/flail (13)]
 17259 | D:14     | Slain by a wight

Vault maps used:
D:1:      elethiomel_arrival_infinity_welcomes_careful_drivers,
          serial_bayou_pond_c
D:2:      overflow_temple_1_default, johnstein_pakellas_dig
D:3:      zin_purify, grunt_qazlal_clouds, uniq_sigmund, uniq_jessica,
          uniq_terence
D:4:      grunt_temple_overflow_opulence, yredelemnul_altar_generic,
          minmay_temple_entry_poolview, first_bread, serial_glass,
          glass_columns_b, glass_columns_b, grunt_ministairs_6,
          roderic_lattice_a, fedhas_altar_3, uniq_robin
D:5:      lemuel_crystal_altar
D:6:      vehumet_crystals
D:8:      overflow_temple_1_default, grunt_lair_entry_orc_guard_hut
D:9:      lemuel_coloured_pillars_altar, grunt_dithmenos_smoke, grunt_livestock,
          bh_walls_and_bars
D:10:     serial_shops, shop
D:12:     david_orc_2, kennysheep_big_empty_room
D:13:     minmay_crescents, david_vaults_5
D:14:     minmay_four_partial_circles, minmay_misc_feat_pillars, hex_medium,
          uniq_frances, uniq_kirke

Skill      XL: |  1  2  3  4  5  6  7  8  9 10 11 12 13 |
---------------+----------------------------------------+-----
Stealth        | 1 2 3 4 6 7 9 10 12 13 | 13.1
Dodging        | 3 4 5 6 7 8 9 |  9.3
Fighting       | 4 5 7 9 10 11 | 11.0
Throwing       | 1 2 3 4 5 6 7 8 |  8.6
Short Blades   | 4 5 6 8 9 10 11 | 11.8

Action                   |  1- 3 |  4- 6 |  7- 9 | 10-12 | 13-15 || total
-------------------------+-------+-------+-------+-------+-------++-------
Melee: Short sword       |    72 |       |       |       |       ||    72
       Rapier            |    31 |   228 |   474 |   583 |   290 ||  1606
       Dagger            |       |       |       |   338 |       ||   338
       Unarmed           |       |       |       |       |    11 ||    11
Throw: Throwing net      |       |       |       |       |     2 ||     2
Invok: Berserk           |       |     3 |     4 |    12 |     6 ||    25
       Trog's Hand       |       |     1 |       |     1 |       ||     2
       Burn Spellbooks   |       |       |     1 |       |       ||     1
       Brothers in Arms  |       |       |       |       |     3 ||     3
 Abil: Breathe Fire      |       |       |    12 |    16 |     9 ||    37
  Use: Scroll            |       |     3 |     1 |    15 |     4 ||    23
       Potion            |       |       |       |     5 |     5 ||    10
 Stab: Sleeping          |       |       |     6 |    16 |     9 ||    31
       Distracted        |       |       |     4 |     3 |     1 ||     8
       Held in net/web   |       |       |       |       |     2 ||     2
  Eat: Chunk             |     2 |     5 |    18 |    38 |     4 ||    67
       Beef jerky        |       |     1 |       |     2 |     1 ||     4
       Meat ration       |       |     1 |       |     2 |     2 ||     5
       Royal jelly       |       |       |       |     2 |       ||     2
